 Dungeon Crawl Stone Soup version 0.28-a0-1147-gc7b72d3202 (webtiles) character file.

Game seed: 17844020380196390174

107 ChaosChampion the Stinger (level 4, -4/28 HPs)
             Began as an Octopode Transmuter on Dec 13, 2021.
             Killed by divine providence
             ... invoked by an orc priest
              (13 damage)
             ... on level 3 of the Dungeon.
             The game lasted 00:03:31 (2933 turns).

ChaosChampion the Stinger (Octopode Transmuter)     Turns: 2933, Time: 00:03:31

Health: -4/28      AC:  2    Str:  9    XL:     4   Next: 85%
Magic:  2/7        EV: 19    Int: 17    God:
Gold:   91         SH:  0    Dex: 17    Spells: 1/7 levels left

rFire   + . .      SeeInvis .     - Unarmed
rCold   . . .      Faith    .   (shield currently unavailable)
rNeg    + . .      Spirit   .   (helmet currently unavailable)
rPois   x          Reflect  .   (no amulet)
rElec   .          Harm     .   a - ring of protection from fire
rCorr   .          Rampage  .   b - ring of positive energy
Will    .....                   (no ring)
Stlth   ++........              (no ring)
HPRegen 0.09/turn               (no ring)
MPRegen 0.10/turn               (no ring)
                                (no ring)
                                (no ring)

@: spider-form
A: venomous fangs, almost no armour, (amphibious), 8 rings, tiny, (camouflage
1), (gelatinous body 1), (nimble swimmer 1), (tentacles)
a: End Transformation


You were on level 3 of the Dungeon.
You were a venomous arachnid creature.
You visited 1 branch of the dungeon, and saw 3 of its levels.

You collected 91 gold pieces.

Inventory:

Jewellery
 a - a ring of protection from fire (left front leg)
 b - a ring of positive energy (right front leg)
 g - an amulet of magic regeneration
Scrolls
 c - a scroll of amnesia {unknown}
 f - 2 scrolls of teleportation {unknown}
Potions
 d - 2 potions of degeneration {unknown}
 e - a potion of magic {unknown}


   Skills:
 - Level 1.5 Fighting
 - Level 2.4 Dodging
 - Level 3.2 Unarmed Combat
 - Level 2.4 Spellcasting
 - Level 2.4 Transmutations
 * Level 3.3 Poison Magic


You had one spell level left.
You knew the following spells:

 Your Spells              Type           Power      Damage    Failure   Level
a - Beastly Appendage     Tmut           20%        N/A       19%         1
b - Wereblood             Tmut           10%        N/A       26%         2
c - Spider Form           Tmut/Pois      11%        N/A       36%         3

Your spell library contained the following spells:

 Spells                   Type           Power      Damage    Failure   Level
 Tukima's Dance           Hex            2%         N/A       71%         3
 Ice Form                 Ice/Tmut       6%         N/A       89%         4
 Passage of Golubria      Tloc           2%         N/A       96%         4
 Yara's Violent Unravell  Hex/Tmut       3%         3d4       99%         5


Dungeon Overview and Level Annotations

Branches:
Dungeon (3/15)

Altars:


Innate Abilities, Weirdness & Mutations

You are a venomous arachnid creature.
You have poisonous fangs.
You are tiny and dextrous.
Your spellcasting is less reliable in this form.
Your armour is entirely melded.
You are incapable of wielding weapons or throwing items.
You cannot wear most types of armour.
((You are amphibious.))
You can wear up to eight rings at the same time.
((Your skin changes colour to match your surroundings (Stealth+).))
((Your rubbery body absorbs attacks. (AC +1, EV +1)))
((You are camouflaged near water. (Stealth+)))
((You have tentacles for arms and can constrict up to eight enemies at once.))


Message History

The orc shouts!
The orc closely misses you.
Casting: Wereblood (safe; 11% risk of failure)
Confirm with . or Enter, or press ? or * to list all spells.
The spell is quite dangerous to miscast (17% risk of failure)!
Continue anyway?
You miscast Spider Form.
You are very lightly contaminated with residual magic.
Nothing appears to happen.
The orc hits you with a +0 hand axe. The orc hits you with a +0 hand axe.
Casting: Spider Form (quite dangerous; 17% risk of failure)
Confirm with . or Enter, or press ? or * to list all spells.
The spell is quite dangerous to miscast (17% risk of failure)!
Continue anyway?
You turn into a venomous arachnid creature.
The orc hits you with a +0 hand axe.
Casting: Spider Form (extremely dangerous; 36% risk of failure)
Confirm with . or Enter, or press ? or * to list all spells.
You don't have enough magic to cast this spell.
You bite the orc!
You kill the orc!
Casting: Spider Form (extremely dangerous; 36% risk of failure)
Confirm with . or Enter, or press ? or * to list all spells.
You don't have enough magic to cast this spell.
The orc priest shouts!
The orc closely misses you.
You see here a +0 hand axe.
The orc hits you with a +0 dagger.
You hit the orc priest but do no damage.
The orc priest is poisoned.
The orc priest misses you. The orc hits you with a +0 dagger.
You hit the orc priest.
The orc priest is lightly wounded.
The orc priest misses you. The orc closely misses you.
The orc hits you with a +0 dagger.
* * * LOW HITPOINT WARNING * * *
You see here a +0 hand axe.
Your magical contamination has completely faded away.
The orc priest looks satisfied for a moment.
The orc priest calls down the wrath of Beogh upon you.
Beogh smites you!
You die...

#####......
#........
#......# #......#
#......# #......#
#......###
#........#
###o####s##
########..o....#
.........#####..#
......).##.. #..#
........#.# ....
..........# .....
........#.# .#.#.
........##.. .#.#
......†).#####.


You could see an orc priest (poisoned).

Vanquished Creatures
  4 adders
  An adder skeleton (D:3)
  A worm (D:2)
  3 dart slugs
  An orc (D:3)
  6 endoplasms
  4 giant cockroaches
  9 goblins
  4 hobgoblins
  3 jackals
  A quokka (D:2)
  5 ball pythons
  3 bats
  A frilled lizard (D:2)
  5 kobolds
  5 rats
56 creatures vanquished.

Notes
Turn   | Place    | Note
-------+----------+-------------------------------------------
     0 | D:1      | ChaosChampion the Octopode Transmuter began the quest for
                  | the Orb.
     0 | D:1      | Reached XP level 1. HP: 13/13 MP: 3/3
   111 | D:1      | Found a faded altar of an unknown god.
   124 | D:1      | Reached XP level 2. HP: 12/18 MP: 5/5
   127 | D:1      | Learned a level 2 spell: Wereblood
   806 | D:1      | Reached XP level 3. HP: 23/23 MP: 2/6
  1445 | D:1      | Learned a level 3 spell: Spider Form
  1717 | D:2      | Reached skill level 1 in Poison Magic
  1787 | D:2      | Reached XP level 4. HP: 28/28 MP: 1/7
  2933 | D:3      | Killed from afar by an orc priest

Illustrated notes

Levels and vault maps discovered:
D:1:      dpeg_chamrin_arrival_tetris, layout_loops_ring,
          ebering_ecumenical_altar_sacrificial
D:2:      layout_basic, serial_rivers, chequers_serial_rivers_small_b,
          chequers_serial_rivers_micro_e, chequers_serial_rivers_room_b,
          chequers_serial_rivers_marsh, chequers_serial_rivers_small_3,
          minmay_distorted
D:3:      layout_basic, minmay_checkerbox

Skill      XL: |  1  2  3  4 |
---------------+-------------+-----
Poison Magic   | 1 3 |  3.3
Fighting       | |  1.5
Dodging        | |  2.4
Unarmed Combat | |  3.2
Spellcasting   | |  2.4
Transmutations | |  2.4

Action                   |  1- 3 |  4- 6 || total
-------------------------+-------+-------++-------
Melee: Unarmed           |    78 |    53 ||   131
       Constrict         |    16 |     5 ||    21
       Tentacles         |     9 |     4 ||    13
       Kick              |     8 |     1 ||     9
       Punch             |     2 |       ||     2
 Cast: Beastly Appendage |    14 |     1 ||    15
       Wereblood         |    13 |     7 ||    20
       Spider Form       |     3 |     9 ||    12
 Stab: Sleeping          |     2 |       ||     2
Armor: Skin              |     9 |     5 ||    14
Dodge: Dodged            |    64 |    45 ||   109

Table legend: (Time is in decaauts)
 A = Elapsed time spent in this place.
 B = Non-inter-level travel time spent in this place.
 C = Inter-level travel time spent in this place.
 D = Time resting spent in this place.
 E = Time spent auto-exploring this place.
 F = Levels seen in this place.
 G = Mean time per level.
                   A        B        C        D        E       F      G
               +--------+--------+--------+--------+--------+-----+--------+
         Total |   2927 |   2869 |     58 |    154 |   2298 |   3 |  975.7 |
       Dungeon |   2927 |   2869 |     58 |    154 |   2298 |   3 |  975.7 |
               +--------+--------+--------+--------+--------+-----+--------+

Top non-repeatable levels by time:
     D:1: 1513 daAuts
     D:2: 1197 daAuts
     D:3: 216 daAuts
